 Dungeon Crawl Stone Soup version 0.29-a0-553-g81b289dbe5 (webtiles) character file.

Game seed: 6981824778367720129

252 spaghetti the Skirmisher (level 6, -6/50 HPs)
             Began as a Barachi Chaos Knight on June 7, 2022.
             Was a Plaything of Xom.
             Killed by an exploding orc priest (22 damage)
             ... ignited by their inner flame
             ... on level 5 of the Dungeon.
             The game lasted 00:06:13 (2485 turns).

spaghetti the Skirmisher (Barachi Chaos Knight)     Turns: 2485, Time: 00:06:14

Health: -6/50      AC: 10    Str: 15    XL:     6   Next: 14%
Magic:  6/6        EV: 11    Int: 13    God:    Xom [..*...]
Gold:   219        SH:  4    Dex: 11    Spells: 5/5 levels left

rFire   . . .      SeeInvis .     - Unarmed
rCold   . . .      Faith    .   m - +1 buckler {AC+3}
rNeg    . . .      Spirit   .   a - +2 leather armour
rPois   .          Reflect  .   (no helmet)
rElec   .          Harm     .   f - +0 cloak
rCorr   .          Rampage  .   q - +0 pair of gloves
Will    .....                   (no boots)
Stlth   +.........              e - amulet of regeneration {@e2}
HPRegen 1.76/turn               (no ring)
MPRegen 0.10/turn               (no ring)

@: mighty, lethally poisoned (-6 -> -6), weak-willed, cleaving, unable to hop,
on berserk cooldown, slowed, very slow
A: amphibious, slowness 1, strong legs 1, +LOS, hooves 1, regeneration 1,
subdued magic 1
a: Hop, Renounce Religion


You were on level 5 of the Dungeon.
You worshipped Xom.
You were a toy of Xom.
You visited 1 branch of the dungeon, and saw 5 of its levels.

You collected 219 gold pieces.


Innate Abilities, Weirdness & Mutations

You are amphibious.
You cover ground slowly.
You can hop short distances.
You have an extended range of vision and can be seen from far away.
You have large cloven feet.
Your natural rate of healing is unusually fast.
Your spells are a little easier to cast, but a little less powerful.


   Skills:
 * Level 4.9 Fighting
 * Level 4.2 Armour
 * Level 3.2 Dodging
 + Level 1.4 Shields
 * Level 4.5 Unarmed Combat


You had 5 spell levels left.
You didn't know any spells.
Your spell library contained the following spells:

 Spells                   Type           Power      Damage    Failure   Level
 Freeze                   Ice            0%         1d3       41%         1
 Sublimation of Blood     Necr           0%         N/A       56%         2
 Frozen Ramparts          Ice            0%         1d2       80%         3
 Hailstorm                Conj/Ice       0%         3d3       99%         4
 Petrify                  Tmut/Erth      0%         N/A       99%         4
 Irradiate                Conj/Tmut      0%         3d13      100%        5

Inventory:

Missiles
 j - 9 poisoned darts {throwing}
 k - 74 stones (quivered) {throwing}
Armour
 a - a +2 leather armour (worn)
 f - a +0 cloak (worn)
   (You found it on level 1 of the Dungeon)
 m - a +1 buckler of protection (worn)
   (You found it on level 2 of the Dungeon)
 n - a +0 tower shield
   (You found it on level 2 of the Dungeon)
 q - a +0 pair of gloves (worn)
   (You found it on level 3 of the Dungeon)
Jewellery
 e - an amulet of regeneration (around neck) {@e2}
   (You found it on level 4 of the Dungeon)
Wands
 t - a wand of digging (1)
   (You found it on level 3 of the Dungeon)
Scrolls
 g - a scroll of noise {!r}
 i - a scroll of amnesia
 o - a scroll of poison {!r}
 s - a scroll of fog
Potions
 h - a potion of brilliance
Miscellaneous
 b - a piece from Xom's chessboard (1/15)

Dungeon Overview and Level Annotations

Branches:
Dungeon (5/15)
 Temple: D:4-7

Altars:
Gozag
Zin

Annotations:
D:5 1 runed translucent door

................
..............# .
#................#...
#.......#...†........
#.......#............
#.......##<#'#......
#.......#§§§§....$#.
∆
#.......#§oW§....(#..
........#§o@so.......
........#§§o)........
..........w#§§.......
.###########.........
+......... #.........
.......... #........#
#........#


You could see a phantom (inner flame, weak-willed), a worm (inner flame,
weak-willed), a scorpion (inner flame, weak-willed), an orc priest (inner flame,
weak-willed) and 3 orcs.


Message History

Unknown command.
You feel better.
You are ready to hop once more.
The orc barely misses you. The phantom completely misses you.
The orc priest mumbles some strange prayers to Beogh against you.
Beogh smites you!
* * * LOW HITPOINT WARNING * * *
You block the scorpion's attack. The worm barely misses you. 😱 HP[-1]
You take 1 damage, and now have 11/50 hp.
Unknown command.
Unknown command.
Unknown command.
As you read the scroll labelled HAT WOAGOLOTO, it crumbles to dust.
Magic quickly surges around you.
It was a scroll of vulnerability.
The scorpion closely misses you. The orc barely misses you.
The phantom closely misses you. The scorpion closely misses you.
The orc hits you with a +0 mace.
* * * LOW HITPOINT WARNING * * *
The worm closely misses you. The phantom hits you.
* * * LOW HITPOINT WARNING * * *
😱 HP[-1]
You take 1 damage, and now have 10/50 hp.
As you read the scroll labelled TATIUN FAUS, it crumbles to dust.
The creatures around you are filled with an inner flame!
It was a scroll of immolation.
The scorpion barely misses you. The orc hits you with a +0 mace.
* * * LOW HITPOINT WARNING * * *
The phantom hits you but does no damage.
The scorpion closely misses you. The worm bites you.
* * * LOW HITPOINT WARNING * * *
😱 HP[-1]
You take 1 damage, and now have 9/50 hp.
Unknown command.
As you read the scroll labelled BADDAM FETUMAH, it crumbles to dust.
The scroll dissolves into smoke.
It was a scroll of fog.
You block the orc's attack.
The phantom hits you but does no damage.
The scorpion stings you.
* * * LOW HITPOINT WARNING * * *
You block the orc's attack.
The phantom hits you but does no damage.
You block the scorpion's attack. The worm barely misses you. 😱 HP[+2]
You regained 2 hp, and now have 11/50 hp.
Unknown command.
Unknown command.
Unknown command.
You feel better. The scorpion barely misses you. The orc barely misses you.
The phantom closely misses you.
The scorpion stings you but does no damage.
The worm bites you.
* * * LOW HITPOINT WARNING * * *
😨 HP[+8]
You regained 8 hp, and now have 19/50 hp.
You feel better.
You are no longer corroded.
The orc closely misses you. The phantom barely misses you.
The scorpion stings you.
You are poisoned.
The scorpion poisons you! The orc hits you but does no damage.
The orc priest invokes the aid of Beogh against you.
Beogh smites you!
* * * LOW HITPOINT WARNING * * *
The phantom misses you. The worm closely misses you.
Unknown command.
Unknown command.
Okay, then.
Hop to where?
Press: ? - help, Dir - move target Boing!
You feel very sick. 😨 HP[-1]
You take 1 damage, and now have 18/50 hp.
Okay, then.
Okay, then.
You make a move on Xom's chessboard...
The orc priest appears confused.
You feel very sick.
Xom smirks.
You detect items!
The phantom hits you but does no damage.
The orc priest hits the scorpion but does no damage.
The phantom hits you.
* * * LOW HITPOINT WARNING * * *
The phantom blinks!
You blink.
The orc priest hits you but does no damage. 😨 HP[-2]
You take 2 damage, and now have 16/50 hp.
Unknown command.
Unknown command.
Unknown command.
You hit the orc priest. You hit the scorpion.
Flame seeps out of the scorpion.
You closely miss the phantom. You closely miss the orc.
You punch the orc priest!
Flame seeps out of the orc priest.
You hit the orc.
Flame seeps out of the orc.
The orc priest explodes!
The fiery explosion engulfs you!!
You die...
Xom roars with laughter!

Skill      XL: |  1  2  3  4  5 |
---------------+----------------+-----
Armour         | 3 4 |  4.2
Fighting       | 4 |  4.9
Dodging        | 2 3 |  3.2
Unarmed Combat | 4 |  4.5
Shields        | 1 |  1.4

Action                   |  1- 3 |  4- 6 || total
-------------------------+-------+-------++-------
Melee: Unarmed           |   136 |   114 ||   250
       Punch             |     2 |       ||     2
       Kick              |       |    27 ||    27
Throw: Stone             |       |    18 ||    18
       Dart              |       |    10 ||    10
 Abil: Hop               |       |     3 ||     3
Evoke: Piece from Xom's  |       |    20 ||    20
  Use: Potion            |     2 |     9 ||    11
       Scroll            |       |     9 ||     9
Armor: Leather armour    |    95 |    46 ||   141
       Skin              |       |     4 ||     4
Dodge: Dodged            |   111 |    68 ||   179
Block: Buckler           |     3 |    31 ||    34

Levels and vault maps discovered:
D:1:      amcnicky_arrival_wind_blow, layout_basic,
          hangedman_abyss_or_decor_lesser_grid, minmay_split_cup_large
D:2:      layout_basic
D:3:      layout_loops_ring, pdpol_temple_overflow_zin_treasury_gozag_greed,
          dreamdust_ecumenical_altar_angels_and_demons
D:4:      layout_basic, minmay_temple_entry_waves
D:5:      layout_basic, ebering_ghost_sewer_f, lightli_church_of_beogh

Notes
Turn   | Place    | Note
-------+----------+-------------------------------------------
     0 | D:1      | spaghetti the Barachi Chaos Knight began the quest for the
                  | Orb.
     0 | D:1      | Reached XP level 1. HP: 18/18 MP: 1/1
     0 | D:1      | magus.rc [v1.9.6]
    25 | D:1      | XOM: silly message
    74 | D:1      | Reached XP level 2. HP: 16/25 MP: 2/2
   329 | D:1      | Gained mutation: Your spells are a little easier to cast,
                  | but a little less powerful. [potion of mutation]
   329 | D:1      | Lost mutation: Your spells are a little easier to cast, but
                  | a little less powerful. [potion of mutation]
   329 | D:1      | Gained mutation: Your spells are a little easier to cast,
                  | but a little less powerful. [potion of mutation]
   329 | D:1      | Gained mutation: Your natural rate of healing is unusually
                  | fast. [potion of mutation]
   348 | D:1      | XOM: potion effect (might)
   352 | D:1      | Reached skill level 3 in Armour
   353 | D:1      | Reached skill level 4 in Fighting
   353 | D:1      | Reached XP level 3. HP: 30/30 MP: 3/3
   621 | D:1      | XOM: silly message
   643 | D:1      | Reached skill level 2 in Dodging
   756 | D:2      | XOM: silly message
   770 | D:2      | XOM: 3-stop teleportation journey
  1352 | D:3      | Reached XP level 4. HP: 37/37 MP: 4/4
  1373 | D:3      | XOM: give mutation
  1373 | D:3      | Gained mutation: You have large cloven feet. [Xom's grace]
  1392 | D:3      | You pick up a book of Alchemy and begin reading...
  1392 | D:3      | You add the spells Sublimation of Blood, Petrify and
                  | Irradiate to your library.
  1461 | D:3      | XOM: divination: detect creatures
  1463 | D:3      | XOM: fake destruction
  1475 | D:3      | Reached skill level 4 in Unarmed Combat
  1504 | D:3      | XOM: 3-stop teleportation journey
  1713 | D:3      | XOM: enchant monster (good)
  1746 | D:3      | Found a faded altar of an unknown god.
  1791 | D:3      | You pick up a book of Frost and begin reading...
  1791 | D:3      | You add the spells Freeze, Frozen Ramparts and Hailstorm to
                  | your library.
  1848 | D:3      | Found an opulent altar of Gozag.
  1879 | D:3      | Reached XP level 5. HP: 43/43 MP: 5/5
  1893 | D:3      | XOM: cloud trail
  2032 | D:3      | XOM: cloud trail
  2144 | D:3      | Found a glowing silver altar of Zin.
  2273 | D:4      | Noticed an ogre
  2275 | D:4      | Noticed a glowing shapeshifter
  2275 | D:4      | an ogre changed into a glowing shapeshifter
  2275 | D:4      | XOM: polymorph ogre -> glowing shapeshifter
  2275 | D:4      | Noticed a swamp worm
  2275 | D:4      | a glowing shapeshifter changed into a swamp worm
  2277 | D:4      | Noticed a manticore
  2277 | D:4      | a swamp worm changed into a manticore
  2278 | D:4      | Noticed a cyclops
  2278 | D:4      | a manticore changed into a cyclops
  2279 | D:4      | Noticed a yaktaur
  2279 | D:4      | a cyclops changed into a yaktaur
  2283 | D:4      | Noticed a guardian serpent
  2283 | D:4      | a yaktaur changed into a guardian serpent
  2284 | D:4      | Noticed a cane toad
  2284 | D:4      | a guardian serpent changed into a cane toad
  2287 | D:4      | Noticed a meliai
  2287 | D:4      | a cane toad changed into a meliai
  2290 | D:4      | XOM: cast spell 'Metabolic Englaciation'
  2435 | D:5      | Entered Level 5 of the Dungeon
  2445 | D:5      | Reached skill level 1 in Shields
  2446 | D:5      | XOM: cleaving
  2453 | D:5      | Reached skill level 4 in Armour
  2453 | D:5      | Reached skill level 3 in Dodging
  2463 | D:5      | XOM: scenery: 1 doors open
  2463 | D:5      | Noticed a phantom
  2469 | D:5      | Reached XP level 6. HP: 45/50 MP: 6/6
  2475 | D:5      | HP: 5/50 [orc priest/divine providence (16)]
  2480 | D:5      | HP: 11/50 [scorpion (1)]
  2483 | D:5      | Found a runed translucent door.
  2484 | D:5      | XOM: divination: detect items
  2485 | D:5      | Killed by an exploding orc priest... ignited by their inner
                  | flame

Vanquished Creatures
  A howler monkey (D:5)
  A jelly (D:5)
  A hound (D:5)
  An orc priest (D:5)
  2 iguanas
  3 adders
  A worm (D:3)
  2 dart slugs
  An orc (D:4)
  6 bats
  5 endoplasms
  5 giant cockroaches
  5 goblins
  4 hobgoblins
  6 jackals (D:1)
  5 kobolds
  3 quokkas
  6 ball pythons
  3 frilled lizards (D:1)
  11 rats
72 creatures vanquished.

Table legend:
 A = Non-vault XP
 B = Vault XP
 C = Vault XP percentage of total XP
 D = Non-vault monster count
 E = Vault monster count
 F = Vault count percentage of total count
                 A         B        C        D         E       F
            +---------+---------+-------+---------+---------+-------
      Total |     392 |      10 |   2.5 |      68 |       4 |   5.6
            +---------+---------+-------+---------+---------+-------
        D:1 |      46 |      10 |  17.9 |      30 |       4 |  11.8
        D:2 |      25 |       0 |   0.0 |       9 |       0 |   0.0
        D:3 |      92 |       0 |   0.0 |      18 |       0 |   0.0
        D:4 |      12 |       0 |   0.0 |       6 |       0 |   0.0
        D:5 |     217 |       0 |   0.0 |       5 |       0 |   0.0
            +---------+---------+-------+---------+---------+-------

Illustrated notes

Table legend:
 A = Kills in this place as a percentage of kills in entire the game.
 B = Kills by you in this place as a percentage of kills by you in the entire game.
 C = Kills by friends in this place as a percentage of kills by friends in the entire game.
 D = Other kills in this place as a percentage of other kills in the entire game.
 E = Experience gained in this place as a percentage of experience gained in the entire game.
 F = Experience gained in this place divided by the number of levels of this place that you have seen.
                   A       B       C       D       E      F
               +-------+-------+-------+-------+-------+----------------------
         Total | 100.0 | 100.0 |   N/A |   N/A | 100.0 |  80.4
       Dungeon | 100.0 | 100.0 |   N/A |   N/A | 100.0 |  80.4
               +-------+-------+-------+-------+-------+----------------------

Table legend: (Time is in decaauts)
 A = Elapsed time spent in this place.
 B = Non-inter-level travel time spent in this place.
 C = Inter-level travel time spent in this place.
 D = Time resting spent in this place.
 E = Time spent auto-exploring this place.
 F = Levels seen in this place.
 G = Mean time per level.
                   A        B        C        D        E       F      G
               +--------+--------+--------+--------+--------+-----+--------+
         Total |   2855 |   2736 |    119 |     31 |   2085 |   5 |  571.0 |
       Dungeon |   2855 |   2736 |    119 |     31 |   2085 |   5 |  571.0 |
               +--------+--------+--------+--------+--------+-----+--------+

Top non-repeatable levels by time:
     D:3: 1057 daAuts
     D:1: 811 daAuts
     D:2: 715 daAuts
     D:4: 220 daAuts
     D:5: 50 daAuts
